 Dungeon Sprint DCSS version 0.29-a0-284-gf9362112df (webtiles) character file.

Game seed: 17290820581354583704

1100000 horus123 the Ducker (level 1, -29/16 HPs)
             Began as a Human Gladiator on Mar 20, 2022.
             Was an Initiate of Makhleb.
             Annihilated by a bag of meat
             ... wielding a +9 war axe
              (45 damage)
             ... in the Dungeon (Sprint VIII: "Arena of Blood").
             The game lasted 00:00:11 (11 turns).

horus123 the Ducker (Human Gladiator)                 Turns: 11, Time: 00:00:12

Health: -29/16     AC:  4    Str: 14    XL:     1   Next: 0%
Magic:  1/1        EV: 12    Int:  8    God:    Makhleb [......]
Gold:   0          SH:  0    Dex: 14    Spells: 0/0 levels left

rFire   . . .      SeeInvis .   l - +∞ Axe of Woe
rCold   . . .      Faith    .   (shield currently unavailable)
rNeg    . . .      Spirit   .   b - +0 leather armour
rPois   .          Reflect  .   c - +0 helmet
rElec   .          Harm     .   (no cloak)
rCorr   .          Rampage  .   (no gloves)
Will    .....      NoTele   +   (no boots)
Stlth   +.........              (no amulet)
HPRegen 0.05/turn               (no ring)
MPRegen 0.07/turn               (no ring)

@: no status effects
A: no striking features
a: Renounce Religion


You were in the Dungeon.
You worshipped Makhleb.
Makhleb was noncommittal.
You visited 1 branch

Inventory:

Hand Weapons
 a - a +0 war axe
 l - the +∞ Axe of Woe (weapon)
   (You found it in the Dungeon)
Missiles
 d - 3 throwing nets (quivered)
 e - a javelin
Armour
 b - a +0 leather armour (worn)
 c - a +0 helmet (worn)
Scrolls
 k - a scroll of blinking
Potions
 f - a potion of curing
 g - a potion of heal wounds
 h - a potion of haste
 i - 2 potions of magic
 j - a potion of berserk rage


   Skills:
 + Level 2.0 Fighting
 + Level 3.0 Axes
 + Level 2.0 Throwing
 + Level 3.0 Dodging


You couldn't memorise any spells.
You didn't know any spells.
Your spell library was empty.

Dungeon Overview and Level Annotations

Branches:
Dungeon (1/1)

Altars:
Makhleb


Message History

l - the +∞ Axe of Woe
l - the +∞ Axe of Woe (weapon)
You hear a shout! x6
A bag of meat comes into view. It is wielding a +9 war axe.
You hear a shout! x8
A bag of meat comes into view. It is wielding a +9 war axe.
The bag of meat shouts!
You hear a shout! x6
The bag of meat moves out of view.
There is a burning altar of Makhleb here.
You kneel at the altar of Makhleb.
Makhleb welcomes you!
You hear a shout! x8
You hear a shout! x8 2 bags of meat come into view.
The bag of meat shouts! x2; You hear a shout! x7
The bag of meat moves out of view.
You hear a shout! x12
A bag of meat comes into view. It is wielding a +9 war axe. x2
A bag of meat comes into view. It is wielding a +9 war axe.
The bag of meat shouts! x2; You hear a shout! x10
A bag of meat comes into view. It is wielding a +9 war axe.
You hear a shout! x8
A bag of meat and a meat berserker come into view.
The meat berserker shouts!
You hear a shout! x3
A meat berserker comes into view. It is wielding a +9 battleaxe.
You hear a shout! x2
A bag of meat comes into view. It is wielding a +9 war axe. x2
You hear a shout! x6
You hit the bag of meat.
You slaughter the bag of meat joyfully.
You kill the bag of meat!
Makhleb accepts your kill.
You hear a shout! x8
A bag of meat comes into view. It is wielding a +9 war axe.
You hear a shout! x2
The meat berserker rages.
You hear a shout!
A meat berserker comes into view. It is wielding a +9 battleaxe.
The bag of meat hits you with a +9 war axe!!!
Ouch! That really hurt!
You die...

....o......O...
...o......#.#..
....o..........
#..O...........
.#.............
...............
.......o..o....
#.@o..O.# .
#.......#
...###o...o..###.
........###......
#...o...._..o....
......#.....#....
......#_.<._# . .
......#.....#
#........_.....


You could see 3 meat berserkers and 10 bags of meat.

Vanquished Creatures
  An orc (D)
1 creature vanquished.

Notes
Turn   | Place    | Note
-------+----------+-------------------------------------------
     0 | D        | Found the +∞ Axe of Woe
     0 | D        | horus123 the Human Gladiator began the quest for the Orb.
     0 | D        | Reached XP level 1. HP: 16/16 MP: 1/1
     2 | D        | Noticed a bag of meat
     3 | D        | Noticed a bag of meat
     4 | D        | Became a worshipper of Makhleb the Destroyer
     6 | D        | Noticed a bag of meat
     6 | D        | Noticed a bag of meat
     7 | D        | Noticed a bag of meat
     7 | D        | Noticed a bag of meat
     8 | D        | Noticed a bag of meat
     9 | D        | Noticed a bag of meat
    10 | D        | Noticed a bag of meat
    10 | D        | Noticed a meat berserker
    10 | D        | Noticed a meat berserker
    10 | D        | Noticed a bag of meat
    10 | D        | Noticed a bag of meat
    11 | D        | Killed a bag of meat
    11 | D        | Noticed a bag of meat
    11 | D        | Noticed a meat berserker
    11 | D        | Annihilated by a bag of meat

Illustrated notes

Levels and vault maps discovered:
D:        meatsprint

Action                   || total
-------------------------++-------
Melee: Executioner's axe ||     1

Table legend: (Time is in decaauts)
 A = Elapsed time spent in this place.
 B = Non-inter-level travel time spent in this place.
 C = Inter-level travel time spent in this place.
 D = Time resting spent in this place.
 E = Time spent auto-exploring this place.
 F = Levels seen in this place.
 G = Mean time per level.
                   A        B        C        D        E       F      G
               +--------+--------+--------+--------+--------+-----+--------+
         Total |     10 |     10 |      0 |      0 |      0 |   1 |   10.0 |
       Dungeon |     10 |     10 |      0 |      0 |      0 |   1 |   10.0 |
               +--------+--------+--------+--------+--------+-----+--------+

Top non-repeatable levels by time:
       D: 10 daAuts
